 Dungeon Crawl Stone Soup version 0.26.0-3-g156281e41b (webtiles) character file.

Game seed: 16041292868192766327

53494 runemasterragnar the Slinger (level 15, -1/99 HPs)
             Began as a Halfling Hunter on Jan 9, 2021.
             Was a High Priest of Fedhas.
             Slain by a death yak (25 damage)
             ... on level 4 of the Lair of Beasts.
             The game lasted 00:49:08 (25241 turns).

runemasterragnar the Slinger (Halfling Hunter)     Turns: 25241, Time: 00:49:09

Health: -1/99      AC: 18    Str:  9    XL:     15   Next: 10%
Magic:  19/22      EV: 30    Int: 10    God:    Fedhas [*****.]
Gold:   922        SH:  9    Dex: 21    Spells: 17/23 levels left

rFire    + . .     SeeInvis +   v - +5 fustibalus (vorpal)
rCold    . . .     Faith    .   C - +2 buckler {rPois}
rNeg     . . .     Spirit   .   l - +2 scale mail {rPois}
rPois    +         Reflect  .   L - +0 hat {SInv}
rElec    +         Harm     +   a - +2 cloak of the Dungeon {Harm +Blink rElec Str-4}
rCorr    .         Rampage  .   N - +0 pair of gloves
Will     ++...                  O - +2 pair of boots
Stlth    ++++......             J - amulet of the acrobat
HPRegen  0.26/turn              r - ring of protection from fire
MPRegen  0.18/turn              t - ring of willpower

@: acrobat
A: small, mutation resistance 1
a: Renounce Religion, Evoke Blink, Wall of Briars, Grow Ballistomycete,
Overgrow, Grow Oklob


You were on level 4 of the Lair of Beasts.
You worshipped Fedhas.
Fedhas was extremely pleased with you.
You visited 4 branches of the dungeon, and saw 20 of its levels.
You also visited: Bailey.

You collected 1882 gold pieces.
You spent 960 gold pieces at shops.

Inventory:

Hand Weapons
 n - a +9 dagger of venom
 v - a +5 vorpal fustibalus (weapon)
 K - a +0 rapier of flaming
Missiles
 d - 20 sling bullets (quivered ammo)
 e - 573 stones
 y - 14 poisoned darts
 Q - 94 boomerangs
Armour
 a - the +2 cloak of the Dungeon (worn) {Harm +Blink rElec Str-4}
   (You bought it in a shop on level 2 of the Orcish Mines)

   It affects your strength (-4).
   It insulates you from electricity.
   It lets you blink.
   It increases damage dealt and taken.
 l - a +2 scale mail of poison resistance (worn)
 w - a scarf of shadows
 C - a +2 buckler of poison resistance (worn)
 L - a +0 hat of see invisible (worn)
 N - a +0 pair of gloves (worn)
 O - a +2 pair of boots (worn)
Jewellery
 m - an uncursed ring of positive energy
 p - a +6 ring of intelligence
 r - a ring of protection from fire (left hand)
 t - a ring of willpower (right hand)
 u - an uncursed ring of wizardry
 A - an uncursed amulet of guardian spirit
 D - an uncursed amulet of regeneration {unknown}
 G - an uncursed ring of poison resistance
 J - an amulet of the acrobat (around neck)
Wands
 B - a wand of random effects (25)
 E - a wand of digging (15)
 I - a wand of flame (17)
 P - a wand of iceblast (9)
 T - a wand of polymorph (11)
 V - a wand of paralysis (9)
Scrolls
 c - 2 scrolls of enchant armour
 f - 9 scrolls of remove curse
 h - a scroll of blinking
 i - 5 scrolls of teleportation
 k - 5 scrolls of identify
 z - 4 scrolls of magic mapping
 F - a scroll of amnesia
 H - a scroll of vulnerability
 W - a scroll of fog
Potions
 b - 2 potions of ambrosia {unknown}
 g - a potion of invisibility
 j - 4 potions of resistance
 o - 4 potions of might
 q - 9 potions of curing
 s - 2 potions of haste
 x - 2 potions of brilliance
 M - a potion of attraction
 R - a potion of heal wounds
 S - 3 potions of magic {unknown}
 U - 4 potions of mutation


   Skills:
 + Level 8.2 Fighting
 + Level 12.3 Short Blades
 + Level 13.3 Slings
 + Level 7.6 Armour
 - Level 7.1 Dodging
 + Level 10.4 Stealth
 - Level 6.4 Shields
 + Level 4.7 Spellcasting
 * Level 9.7 Translocations
 + Level 8.4 Invocations
 - Level 3.8 Evocations


You had 17 spell levels left.
You knew the following spells:

 Your Spells              Type           Power        Failure   Level
a - Apportation           Tloc           42%          2%          1
b - Blink                 Tloc           N/A          3%          2
c - Gell's Gravitas       Tloc           10%          8%          3

Your spell library contained the following spells:

 Spells                   Type           Power        Failure   Level
 Animate Skeleton         Necr           4%           80%         1
 Corona                   Hex            2%           80%         1
 Magic Dart               Conj           8%           80%         1
 Pain                     Necr           8%           80%         1
 Shock                    Conj/Air       8%           80%         1
 Summon Small Mammal      Summ           8%           80%         1
 Iskenderun's Mystic Bla  Conj/Tloc      12%          88%         4
 Call Imp                 Summ           2%           91%         2
 Searing Ray              Conj           4%           91%         2
 Slow                     Hex            2%           91%         2
 Swiftness                Air            2%           91%         2
 Confusing Touch          Hex            2%           99%         3
 Conjure Flame            Conj/Fire      2%           99%         3
 Dazzling Flash           Conj/Hex       4%           99%         3
 Inner Flame              Hex/Fire       2%           99%         3
 Mephitic Cloud           Conj/Pois/Air  2%           99%         3
 Static Discharge         Conj/Air       2%           99%         3
 Tukima's Dance           Hex            2%           99%         3
 Vampiric Draining        Necr           1%           99%         3
 Airstrike                Air            1%           100%        4
 Animate Dead             Necr           1%           100%        4
 Cause Fear               Hex            1%           100%        4
 Fulminant Prism          Conj/Hex       1%           100%        4
 Petrify                  Tmut/Erth      2%           100%        4
 Agony                    Necr           2%           100%        5
 Lightning Bolt           Conj/Air       1%           100%        5
 Metabolic Englaciation   Hex/Ice        1%           100%        5
 Silence                  Hex/Air        1%           100%        5
 Yara's Violent Unravell  Hex/Tmut       1%           100%        5
 Discord                  Hex            1%           100%        8


Dungeon Overview and Level Annotations

Branches:
Dungeon (13/15)            Temple (1/1) D:6            Lair (4/6) D:9
  Swamp (0/4) Lair:2       Spider (0/4) Lair:3          Orc (2/2) D:11
    Elf (0/3) Orc:2        Vaults (0/5) D:13         Bailey (visited)

Altars:
Ashenzari
Cheibriados
Dithmenos
Elyvilon
Fedhas
Gozag
Hepliaklqana
Kikubaaqudgha
Makhleb
Nemelex Xobeh
Okawaru
Qazlal
Ru
Sif Muna
Trog
Uskayaw
Vehumet
Wu Jian
Xom
Yredelemnul
Zin
The Shining One
Beogh

Shops:
D:6 (   Orc:1 *   Orc:2 ?[(?

Annotations:
D:9 exclusion: orange crystal statue
D:13 3 runed translucent doors, Kokhlaf's ghost, journeyman DECj
Lair:1 1 runed translucent door, Keadol's ghost, journeyman DrCj
Orc:1 Jorgrun; Josephine


Innate Abilities, Weirdness & Mutations

You are small and have problems with some larger weapons.
You are somewhat resistant to further mutation.


Message History

Aim: a death yak (heavily wounded)
You shoot a sling bullet. The sling bullet hits the death yak!
The death yak is severely wounded.
Okay, then.
Okay, then.
Evoke which item? (* to show all) (? for menu, Esc to quit)
Okay, then.
Casting: Gell's Gravitas (dangerous; 8% risk of failure)
Confirm with . or Enter, or press ? or * to list all spells.
Okay, then.
Casting: Gell's Gravitas (dangerous; 8% risk of failure)
Confirm with . or Enter, or press ? or * to list all spells.
Aiming: Gell's Gravitas (dangerous; 8% risk of failure)
Press: ? - help, Dir - move target, p - death yak Gravity reorients around empty space.
The death yak collides with the death yak!
You block the death yak's attack. The death yak gores you!!
You die...
Fedhas appreciates your contribution to the ecosystem.

#.# ##### #### ##P# ########.
..#######.#.###..###..###..#..##.
.................................
+.#.##....................#.##.#.
.####....................#..#....
.####.......###.........+.....##.
............###...............##.
...P.............#.............#.
.............#..@Y............##.
##.^##.......#..#Y#.....#......#.
#.###........###Y#...........##.
##'##.........................##.
..........................#.#.#..
........................######...
.................................
..............<..................
..#..............................


You could see 3 death yaks.

Vanquished Creatures
  Gastronok (D:8)
  2 orc warlords (Orc:2)
  Erolcha (D:13)
  A boulder beetle (Lair:2)
  2 hydras
  A centaur warrior (D:12)
  A catoblepas (Lair:3)
  4 two-headed ogres
  3 death yaks (Lair:4)
  2 tengu warriors (D:13)
  An orc high priest (Orc:1)
  An unseen horror (D:12)
  Pikel (D:5)
  A necromancer (D:11)
  2 orc knights (Orc:2)
  An ugly thing (D:11)
  2 cyclopes (D:13)
  An orc sorcerer (Orc:2)
  2 black mambas
  11 elephants (Lair:4)
  A gargoyle (D:12)
  5 cane toads
  An efreet (D:13)
  A centaur skeleton (D:13)
  6 komodo dragons
  2 kobold demonologists
  2 rime drakes
  3 trolls
  12 blink frogs
  Grinder (D:4)
  A polar bear (Lair:4)
  Prince Ribbit (D:8)
  A shadow (D:11)
  22 yaks
  5 wyverns
  2 basilisks (Lair:2)
  Eustachio (D:4)
  4 vampire mosquitoes (D:12)
  3 wargs
  Edmund (D:5)
  11 water moccasins
  8 ice beasts
  4 sky beasts
  3 black bears
  3 phantoms
  42 orc warriors
  11 centaurs
  8 ogres
  7 wolves
  2 big kobolds
  18 bullfrogs
  A gnoll sergeant (D:10)
  2 wyvern zombies
  3 scorpions (D:8)
  13 killer bees
  4 wights
  3 jellies
  2 howler monkeys
  2 electric eels
  2 bullfrog zombies
  A quasit (D:12)
  4 centaur zombies
  15 hounds
  3 bullfrog skeletons
  17 orc priests
  36 orc wizards
  2 iguanas
  13 worker ants
  A yak simulacrum (D:11)
  A killer bee zombie (D:6)
  2 hound zombies
  2 hound skeletons
  Robin (D:2)
  A worker ant zombie (D:11)
  23 gnolls
  12 adders
  A howler monkey skeleton (D:4)
  A shadow imp (D:10)
  A white imp (D:6)
  2 ufetubi
  An ooze (D:2)
  3 adder skeletons
  6 worms
  A dart slug (D:3)
  5 leopard geckos
  109 orcs
  2 ball pythons
  7 giant cockroaches
  14 goblins
  16 hobgoblins
  12 jackals
  26 kobolds
  6 quokkas
  8 bats
  5 frilled lizards
  A leopard gecko zombie (D:5)
  2 quokka zombies
  5 rats
  A river rat simulacrum (D:11)
634 creatures vanquished.

Vanquished Creatures (collateral kills)
  A stone giant (Orc:2)
  A wizard (D:13)
  A necromancer (D:13)
  2 trolls
  3 yaks (D:12)
  3 orc warriors (Orc:2)
  An ogre (Orc:2)
  A centaur (D:12)
  An orc priest (D:13)
  An orc wizard (Orc:2)
  3 orcs (Orc:2)
  A kobold (D:11)
19 creatures vanquished.

Vanquished Creatures (others)
  19 fungi
  27 plants
46 creatures vanquished.

Grand Total: 699 creatures vanquished

Notes
Turn   | Place    | Note
-------+----------+-------------------------------------------
     0 | D:1      | runemasterragnar the Halfling Hunter began the quest for
                  | the Orb.
     0 | D:1      | Reached XP level 1. HP: 14/14 MP: 1/1
   302 | D:1      | Reached skill level 6 in Slings
   302 | D:1      | Reached XP level 2. HP: 12/19 MP: 2/2
   757 | D:1      | Reached skill level 1 in Short Blades
  1041 | D:2      | Noticed Robin
  1060 | D:2      | Killed Robin
  1061 | D:2      | Reached XP level 3. HP: 16/24 MP: 3/3
  1437 | D:2      | Reached XP level 4. HP: 29/29 MP: 4/4
  2019 | D:3      | Found an opulent altar of Gozag.
  2048 | D:3      | Reached skill level 1 in Armour
  2190 | D:3      | Found a faded altar of an unknown god.
  2396 | D:3      | Reached skill level 1 in Shields
  2396 | D:3      | Reached XP level 5. HP: 34/34 MP: 5/5
  2643 | D:4      | Noticed a phantom
  2681 | D:4      | Killed a phantom
  2682 | D:4      | Reached skill level 7 in Slings
  2682 | D:4      | Reached XP level 6. HP: 29/40 MP: 6/6
  2835 | D:4      | Noticed Eustachio
  2862 | D:4      | Killed Eustachio
  3021 | D:4      | Reached XP level 7. HP: 45/45 MP: 7/7
  3674 | D:4      | Noticed Grinder
  3684 | D:4      | Paralysed by Grinder for 2 turns
  3694 | D:4      | Killed Grinder
  3695 | D:4      | Reached skill level 8 in Slings
  3695 | D:4      | Reached XP level 8. HP: 38/52 MP: 8/8
  3968 | D:5      | Entered Level 5 of the Dungeon
  3970 | D:5      | Noticed Edmund
  3988 | D:5      | Killed Edmund
  4074 | D:5      | Reached skill level 5 in Short Blades
  4414 | D:5      | Reached skill level 9 in Slings
  4489 | D:5      | Noticed Pikel
  4532 | D:5      | Killed Pikel
  4533 | D:5      | Reached XP level 9. HP: 28/58 MP: 9/9
  5014 | D:5      | Found a basalt altar of Yredelemnul.
  5462 | D:6      | Reached skill level 10 in Slings
  5804 | D:6      | Found Gynur's Antique Weapon Shop.
  5816 | D:6      | Found a staircase to the Ecumenical Temple.
  5826 | Temple   | Entered the Ecumenical Temple
  6061 | Temple   | Became a worshipper of Fedhas Madash
  6701 | D:7      | Found a broken altar of Ashenzari.
  6702 | D:7      | Found a glowing silver altar of Zin.
  6828 | D:7      | Reached skill level 5 in Dodging
  6828 | D:7      | Reached skill level 1 in Invocations
  6856 | D:7      | Reached skill level 5 in Stealth
  6917 | D:7      | Reached XP level 10. HP: 55/63 MP: 9/11
  7042 | D:7      | Reached * piety under Fedhas
  7652 | D:7      | Reached skill level 5 in Armour
  7652 | D:7      | Reached skill level 1 in Evocations
  7698 | D:7      | Reached skill level 11 in Slings
  8411 | D:8      | Found a glowing golden altar of the Shining One.
  8424 | D:8      | Reached skill level 5 in Shields
  8449 | D:8      | Reached ** piety under Fedhas
  8584 | D:8      | Noticed a two-headed ogre
  8612 | D:8      | Killed a two-headed ogre
  8755 | D:8      | Reached XP level 11. HP: 54/70 MP: 13/13
  8897 | D:8      | Noticed Gastronok
  8897 | D:8      | Noticed Prince Ribbit
  8928 | D:8      | Killed Prince Ribbit
  8941 | D:8      | Killed Gastronok
  8942 | D:8      | Reached skill level 5 in Fighting
  8942 | D:8      | Reached skill level 12 in Slings
  9362 | D:9      | Found an ancient bone altar of Kikubaaqudgha.
  9414 | D:9      | Noticed an orange crystal statue
  9729 | D:9      | Found a staircase to the Lair.
  9912 | D:10     | Entered Level 10 of the Dungeon
  9918 | D:10     | Noticed a two-headed ogre
  9936 | D:10     | Killed a two-headed ogre
 10764 | D:10     | Noticed a two-headed ogre
 10818 | D:10     | Killed a two-headed ogre
 10818 | D:10     | Reached *** piety under Fedhas
 11490 | D:11     | Reached XP level 12. HP: 77/77 MP: 15/15
 11607 | D:11     | Reached skill level 10 in Short Blades
 11607 | D:11     | Noticed a two-headed ogre
 11632 | D:11     | Killed a two-headed ogre
 11759 | D:11     | Identified the Tome of Warped Enchantment
 11807 | D:11     | Learned a level 1 spell: Apportation
 11810 | D:11     | Learned a level 2 spell: Blink
 11814 | D:11     | Learned a level 3 spell: Gell's Gravitas
 11944 | D:11     | Reached skill level 1 in Translocations
 12259 | D:11     | Found a staircase to the Orcish Mines.
 12261 | D:11     | Reached **** piety under Fedhas
 12310 | D:11     | Reached skill level 5 in Invocations
 12608 | D:11     | Reached skill level 1 in Spellcasting
 12970 | D:12     | Noticed a centaur warrior
 12989 | D:12     | Killed a centaur warrior
 13135 | D:12     | Found a flagged portal.
 13153 | Bailey   | Entered a bailey
 14051 | D:12     | Noticed an unseen horror
 14060 | D:12     | Killed an unseen horror
 14141 | D:12     | Reached ***** piety under Fedhas
 14642 | D:12     | Noticed a four-headed hydra
 14655 | D:12     | Killed a four-headed hydra
 14768 | D:13     | Found a runed translucent gate.
 14768 | D:13     | Found a runed translucent gate.
 14768 | D:13     | Found a runed translucent gate.
 14771 | D:13     | Noticed Kokhlaf's ghost (journeyman DECj)
 14845 | D:13     | Noticed Erolcha
 14864 | D:13     | Killed Erolcha
 14865 | D:13     | Reached skill level 5 in Translocations
 14865 | D:13     | Reached XP level 13. HP: 58/84 MP: 17/17
 15306 | D:13     | Found a gate to the Vaults.
 15780 | D:13     | Noticed a boulder beetle
 15948 | Orc:1    | Entered Level 1 of the Orcish Mines
 16271 | Orc:2    | Entered Level 2 of the Orcish Mines
 16280 | Orc:2    | Identified a scroll of acquirement
 16283 | Orc:2    | Acquired a +3 vorpal fustibalus
 16413 | Orc:2    | Noticed an orc warlord
 16420 | Orc:2    | Killed an orc warlord
 16459 | Orc:2    | Found a staircase to the Elven Halls.
 16947 | Orc:2    | Noticed an orc warlord
 17323 | Orc:1    | Found Pifyiw's General Store.
 17728 | Orc:1    | Noticed Jorgrun
 17738 | Orc:1    | Noticed Josephine
 18106 | Orc:2    | Killed an orc warlord
 18306 | Orc:2    | Found a roughly hewn altar of Beogh.
 18366 | Orc:2    | Noticed a stone giant
 18385 | Orc:2    | Found a roughly hewn altar of Beogh.
 18388 | Orc:2    | Killed a stone giant
 18393 | Orc:2    | Reached XP level 14. HP: 43/92 MP: 11/19
 18699 | Orc:2    | Found a roughly hewn altar of Beogh.
 18892 | Orc:2    | Found Eheiggar's Antique Armour Shop.
 18893 | Orc:2    | Found a roughly hewn altar of Beogh.
 18922 | Orc:2    | Found Tutaplif's Antique Weapon Boutique.
 18941 | Orc:2    | Bought a shimmering cloak for 380 gold pieces
 18951 | Orc:2    | Identified the +2 cloak of the Dungeon {Harm +Blink rElec
                  | Str-4} (You bought it in a shop on level 2 of the Orcish
                  | Mines)
 18951 | Orc:2    | Bought a shiny buckler for 300 gold pieces
 18974 | Orc:2    | Bought a shiny scale mail for 280 gold pieces
 19253 | Orc:2    | Found a roughly hewn altar of Beogh.
 19272 | Orc:2    | Found Peozuzil's Magic Scroll Boutique.
 19297 | Orc:2    | Found a roughly hewn altar of Beogh.
 19519 | Orc:2    | Found a roughly hewn altar of Beogh.
 19521 | Orc:2    | Found Heysu's Magic Scroll Emporium.
 19663 | Lair:1   | Entered Level 1 of the Lair of Beasts
 19663 | Lair:1   | Found a runed translucent door.
 19663 | Lair:1   | Noticed Keadol's ghost (journeyman DrCj)
 22106 | Lair:2   | Found a staircase to the Swamp.
 22468 | Lair:3   | Reached skill level 10 in Stealth
 22527 | Lair:3   | Reached skill level 13 in Slings
 22836 | Lair:3   | Found the +8 autumn katana {vorpal, Clar}
 23263 | Lair:3   | Found a hole to the Spider Nest.
 24102 | Lair:4   | Reached ****** piety under Fedhas
 24615 | Lair:4   | Reached XP level 15. HP: 99/99 MP: 20/22
 25241 | Lair:4   | Slain by a death yak

Illustrated notes

Levels and vault maps discovered:
D:1:      erik_arrival_orb_chamber, layout_basic
D:2:      layout_basic, kennysheep_generic_room_13, uniq_robin
D:3:      layout_basic, nicolae_gozag_cash_rules_everything_around_me,
          chequers_ecumenical_altar_grove, due_unseen_surprise
D:4:      layout_loops_corners, minmay_small_thing, uniq_grinder, uniq_eustachio
D:5:      layout_basic, yredelemnul_altar_generic, uniq_edmund, uniq_pikel
D:6:      minmay_flawed_box, layout_basic, minmay_temple_entry_mist,
          serial_shops, shop
D:7:      cheibrodos_fzero, layout_gridville, gammafunk_temple_overflow_pools
D:8:      layout_rooms, lemuel_altar_in_water, uniq_prince_ribbit1,
          uniq_gastronok
D:9:      layout_roguey, old_standard_altar, lair_entry_dummy, minivault_16
D:10:     layout_basic, hive_lemuel
D:11:     layout_long_grid, hiddenorc2_lemuel, eino_house_with_fridge
D:12:     layout_big_octagon, enter_bailey_7
D:13:     layout_basic, david_vaults_1, gammafunk_ghost_necromancy,
          kennysheep_small_spiral, hex_tiny, uniq_erolcha
Temple:   eino_narrow_crystal_temple
Lair:1:   layout_cave_pods, ebering_ghost_inner_flame, grunt_megastairs_5
Lair:2:   layout_cave_shapes, swamp_mist_pool, grunt_megastairs_4
Lair:3:   layout_regular_city, spider_nest_entry_web_field
Lair:4:   layout_regular_city, chequers_serial_rivers_small_3
Orc:1:    layout_diamond_mine, gammafunk_ghost_smash, serial_shops, shop,
          uniq_josephine, uniq_jorgrun
Orc:2:    grunt_orc_community_town_hall, layout_caves,
          grunt_orc_community_big_house_2, grunt_orc_community_big_house_2,
          grunt_orc_community_house_3, grunt_orc_community_house_3,
          grunt_orc_community_house_1, grunt_orc_community_house_2,
          grunt_orc_community_house_2, nicolae_orc_crystal_geode

Skill      XL: |  1  2  3  4  5  6  7  8  9 10 11 12 13 14 |
---------------+-------------------------------------------+-----
Slings         | 6 7 8 9 10 11 12 13 | 13.3
Short Blades   | 1 2 3 4 6 7 8 9 10 11 12 | 12.3
Fighting       | 2 3 4 5 6 7 8 |  8.2
Armour         | 1 2 3 4 5 6 7 |  7.6
Shields        | 1 2 3 4 5 6 |  6.4
Stealth        | 2 3 4 5 7 8 9 10 | 10.4
Dodging        | 3 4 5 6 7 |  7.1
Invocations    | 1 3 4 6 7 8 |  8.4
Evocations     | 2 3 |  3.8
Translocations | 5 7 9 |  9.7
Spellcasting   | 2 3 4 |  4.7

Action                   |  1- 3 |  4- 6 |  7- 9 | 10-12 | 13-15 || total
-------------------------+-------+-------+-------+-------+-------++-------
Melee: Short sword       |     2 |     1 |    11 |       |       ||    14
       Dagger            |     6 |    15 |   255 |   912 |   801 ||  1989
       Rapier            |       |       |       |   107 |    44 ||   151
       Fustibalus        |       |       |       |       |     1 ||     1
 Fire: Hunting sling     |    86 |   116 |    45 |   221 |     7 ||   475
       Fustibalus        |       |       |       |       |   440 ||   440
Throw: Stone             |       |       |       |     3 |       ||     3
       Dart              |       |       |       |    36 |       ||    36
       Boomerang         |       |       |       |    21 |       ||    21
 Cast: Blink             |       |       |       |       |     1 ||     1
       Gell's Gravitas   |       |       |       |       |     2 ||     2
Invok: Wall of Briars    |       |       |       |     3 |     4 ||     7
       Overgrow          |       |       |       |     1 |     3 ||     4
Evoke: Wand              |       |       |       |    13 |    21 ||    34
  Use: Potion            |     1 |       |       |     2 |     4 ||     7
       Scroll            |       |     5 |     9 |    12 |    11 ||    37
 Stab: Distracted        |       |       |     1 |       |     2 ||     3
       Sleeping          |       |       |     7 |     7 |    12 ||    26
       Paralysed         |       |       |       |     1 |     6 ||     7
Armor: Leather armour    |     4 |     9 |       |       |       ||    13
       Ring mail         |       |       |    45 |   145 |    60 ||   250
       Skin              |       |       |       |    20 |     5 ||    25
       Scale mail        |       |       |       |       |    78 ||    78
Dodge: Dodged            |    15 |    27 |   115 |   553 |   357 ||  1067
Block: Buckler           |     2 |    13 |    46 |   296 |   235 ||   592
